 Dungeon Crawl Stone Soup version 0.30-a0-867-g305f33218d (webtiles) character file.

Game seed: 11058311754865359163

6913 bmack86 the Cleaver (level 10, -2/90 HPs)
             Began as a Minotaur Fighter on Mar 11, 2023.
             Was an Elder of Okawaru.
             Killed by vampiric draining
             ... invoked by a vampire
              (15 damage)
             ... on level 9 of the Dungeon.
             The game lasted 00:17:25 (7849 turns).

bmack86 the Cleaver (Minotaur Fighter)              Turns: 7849, Time: 00:17:26

Health: -2/90      AC: 15    Str: 25    XL:     10   Next: 79%
Magic:  13/13      EV:  8    Int:  5    God:    Okawaru [****..]
Gold:   523        SH:  6    Dex: 10    Spells: 9/9 levels left

rFire   . . .      SeeInvis .    v - +3 hand axe (freeze)
rCold   . . .      Faith    .    c - +1 buckler
rNeg    . . .      Spirit   .    h - +3 chain mail {Will+}
rPois   .          Reflect  .    (helmet restricted)
rElec   .          Rampage  .    (no cloak)
rCorr   .                        n - +0 pair of gloves
Will    +....                    (no boots) Stlth
                                 (no amulet)
HPRegen 0.35/turn                (no ring)
MPRegen 0.13/turn                (no ring)

@: no status effects
A: horns 2, retaliatory headbutt
a: Renounce Religion, Heroism, Finesse


You were on level 9 of the Dungeon.
You worshipped Okawaru.
Okawaru was greatly pleased with you.
You visited 1 branch of the dungeon, and saw 9 of its levels.

You collected 593 gold pieces.
You spent 70 gold pieces at shops.

Inventory:

Hand Weapons
 a - a +0 war axe
 v - a +3 hand axe of freezing (weapon)
 A - a +0 whip
 B - a +5 hand axe
Missiles
 l - 6 curare-tipped darts
 m - 8 javelins
 u - 5 boomerangs (quivered)
 z - 30 poisoned darts
Armour
 b - a +0 scale mail
 c - a +1 buckler (worn)
 h - a +3 chain mail of willpower (worn)
 n - a +0 pair of gloves (worn)
 s - a +0 tower shield
Wands
 w - a wand of paralysis (8)
Scrolls
 f - a scroll of enchant weapon
 g - a scroll of vulnerability
 j - 3 scrolls of teleportation
 k - 2 scrolls of magic mapping
 o - 3 scrolls of fear
 r - a scroll of silence
 t - a scroll of immolation
 y - a scroll of identify
Potions
 d - 2 potions of might
 e - 5 potions of curing
 i - 2 potions of haste
 p - 3 potions of brilliance
 q - 3 potions of lignification
 x - a potion of resistance


   Skills:
 + Level 8.5 Fighting
 * Level 11.1 Axes
 + Level 5.3 Throwing
 + Level 8.7 Armour
 + Level 8.6 Shields
 + Level 6.1 Invocations


You had 9 spell levels left.
You didn't know any spells.
Your spell library contained the following spells:

 Spells                   Type           Power      Damage    Failure   Level
 Dazzling Flash           Conj/Hex       0%         N/A       100%        3
 Iskenderun's Mystic Bla  Conj/Tloc      0%         2d3       100%        4
 Passage of Golubria      Tloc           0%         N/A       100%        4
 Yara's Violent Unravell  Hex/Tmut       0%         3d3       100%        5
 Starburst                Conj/Fire      0%         6d3       100%        6
 Tukima's Dance           Hex            Unusable   N/A       N/A         3

Dungeon Overview and Level Annotations

Branches:
Dungeon (9/15)             Temple (0/1) D:7
   Lair: D:8-11         Orc: D:9-12

Altars:
Cheibriados
Gozag
Kikubaaqudgha
Nemelex Xobeh
Okawaru
Uskayaw

Shops:
D:4 !


Innate Abilities, Weirdness & Mutations

You have a pair of horns on your head.
You reflexively headbutt those who attack you in melee.


Message History

You miss something. Your headbutt misses something. You hit the vampire.
Something hits you. The vampire hits you. You block the vampire's attack.
You hit something but do no damage. Your headbutt misses something.
You closely miss the vampire. You slash something! You freeze something.
Okawaru accepts your kill.
Reactivating autopickup.
You feel a bit more experienced.
You hit the vampire but do no damage. You block the vampire's attack.
The vampire bites you but does no damage.
You block the vampire's attack. The vampire bites you.
The vampire draws strength from your injuries!
Things that are here:
a +0 dagger; a +0 robe You hit the vampire.
Your headbutt misses the vampire.
The vampire is lightly damaged.
You block the vampire's attack. The vampire closely misses you.
You slash the vampire! Your headbutt misses the vampire.
The vampire is heavily damaged.
The vampire hits you but does no damage.
The vampire bites you but does no damage.
You hit the vampire but do no damage.
The vampire is heavily damaged.
The vampire hits you!
* * * LOW HITPOINT WARNING * * *
The vampire bites you but does no damage.
You hit the vampire but do no damage.
The vampire is heavily damaged.
You hit the vampire. Your headbutt misses the vampire.
The vampire is heavily damaged.
The vampire hits you!
* * * LOW HITPOINT WARNING * * *
The vampire bites you but does no damage.
You hit the vampire but do no damage. Your headbutt misses the vampire.
The vampire is heavily damaged.
You block the vampire's attack. The vampire closely misses you.
You hit the vampire. You freeze the vampire.
The vampire is severely damaged.
The vampire draws life force from you!
You die...

♣.♣.♣#......#
#♣♣)♣♣...#####
#...)[)..#
#♣♣.♣♣.).###
♣.♣.♣#....# #.♣
♣.#....# #♣
♣#....+ #....+
#@V..#+#+###
#...........
#........#########
#........#........
#........#........
#........'........
#........#........
#........#........
#........#<.......


You could see a vampire.

Vanquished Creatures
  A two-headed ogre (D:8)
  Maggie (D:6)
  A kobold demonologist (D:8)
  Grinder (D:5)
  Sigmund (D:4)
  A wraith (D:9)
  A vampire (D:8)
  6 yaks
  Eustachio (D:4)
  A steam dragon (D:8)
  A water moccasin (D:7)
  An ice beast (D:5)
  2 centaurs
  8 kobold brigands (D:8)
  2 phantoms
  5 bullfrogs
  2 gnoll sergeants
  4 scorpions
  17 wights
  14 killer bees
  5 howler monkeys
  4 hounds
  An orc priest (D:9)
  A gnoll bouda (D:6)
  2 jellies (D:6)
  Terence (D:2)
  4 iguanas
  3 orc wizards
  An adder (D:4)
  8 gnolls
  A white imp (D:6)
  A worm (D:2)
  3 dart slugs
  14 orcs
  7 ball pythons
  3 endoplasms
  3 giant cockroaches
  9 goblins
  6 hobgoblins
  2 jackals (D:4)
  20 kobolds
  3 quokkas
  2 bats
  4 frilled lizards
  7 rats
186 creatures vanquished.

Vanquished Creatures (others)
  8 plants (D:9)
8 creatures vanquished.

Grand Total: 194 creatures vanquished

Notes
Turn   | Place    | Note
-------+----------+-------------------------------------------
     0 | D:1      | bmack86 the Minotaur Fighter began the quest for the Orb.
     0 | D:1      | Reached XP level 1. HP: 19/19 MP: 0/0
   113 | D:1      | Reached XP level 2. HP: 27/27 MP: 1/1
   114 | D:1      | Reached skill level 3 in Axes
   266 | D:1      | Reached XP level 3. HP: 28/33 MP: 2/2
   783 | D:2      | Found a faded altar of an unknown god.
   933 | D:2      | Noticed Terence
   945 | D:2      | Killed Terence
   946 | D:2      | Reached XP level 4. HP: 4/40 MP: 3/3
  1209 | D:2      | You fall into a shaft and drop 2 floors!
  1479 | D:3      | Found an iron altar of Okawaru.
  1490 | D:3      | Became a worshipper of Warmaster Okawaru
  1732 | D:3      | Found a snail-covered altar of Cheibriados.
  2311 | D:4      | Reached skill level 4 in Axes
  2343 | D:4      | Noticed a scorpion
  2351 | D:4      | Killed a scorpion
  2352 | D:4      | Reached XP level 5. HP: 45/47 MP: 4/4
  2399 | D:4      | Reached skill level 1 in Invocations
  2432 | D:4      | Found Taligi's Distillery.
  2449 | D:4      | Bought a potion of heal wounds for 70 gold pieces
  2453 | D:4      | Noticed Eustachio
  2466 | D:4      | Killed Eustachio
  2467 | D:4      | Reached skill level 5 in Axes
  2467 | D:4      | Reached skill level 5 in Armour
  2467 | D:4      | Reached skill level 5 in Shields
  2467 | D:4      | Reached XP level 6. HP: 26/55 MP: 4/6
  2575 | D:4      | Noticed Sigmund
  2586 | D:4      | Reached * piety under Okawaru
  2591 | D:4      | Killed Sigmund
  2592 | D:4      | Reached skill level 5 in Fighting
  2592 | D:4      | Reached XP level 7. HP: 50/61 MP: 7/7
  2889 | D:5      | Entered Level 5 of the Dungeon
  3023 | D:5      | Reached skill level 6 in Axes
  3094 | D:5      | Noticed Grinder
  3107 | D:5      | Paralysed by Grinder for 5 turns
  3113 | D:5      | Paralysed by Grinder for 3 turns
  3126 | D:5      | Paralysed by Grinder for 5 turns
  3134 | D:5      | Killed Grinder
  3134 | D:5      | Reached ** piety under Okawaru
  3135 | D:5      | Reached skill level 1 in Throwing
  3615 | D:5      | Reached XP level 8. HP: 58/70 MP: 9/9
  3653 | D:6      | Reached skill level 7 in Axes
  4024 | D:6      | Reached *** piety under Okawaru
  4320 | D:6      | Noticed Maggie
  4339 | D:6      | Killed Maggie
  4562 | D:6      | Received a gift from Okawaru
  4827 | D:7      | Reached skill level 8 in Axes
  4838 | D:7      | Found a staircase to the Ecumenical Temple.
  4860 | D:7      | Reached XP level 9. HP: 76/78 MP: 9/11
  5845 | D:8      | Reached skill level 9 in Axes
  5981 | D:8      | Reached **** piety under Okawaru
  6166 | D:8      | Received a gift from Okawaru
  6187 | D:8      | Noticed a two-headed ogre
  6194 | D:8      | Killed a two-headed ogre
  6195 | D:8      | Reached skill level 5 in Invocations
  6233 | D:8      | Received a gift from Okawaru
  6234 | D:8      | Reached XP level 10. HP: 79/86 MP: 12/12
  6256 | D:8      | Reached skill level 10 in Axes
  6992 | D:8      | Noticed an orange demon
  6993 | D:8      | Reached skill level 5 in Throwing
  7222 | D:8      | Found a sparkling altar of Nemelex Xobeh.
  7222 | D:8      | Found a hide-covered altar of Uskayaw.
  7223 | D:8      | Found an opulent altar of Gozag.
  7223 | D:8      | Found an ancient bone altar of Kikubaaqudgha.
  7788 | D:9      | Reached skill level 11 in Axes
  7849 | D:9      | Killed from afar by a vampire

Illustrated notes

Levels and vault maps discovered:
D:1:      lemuel_arrival_rhombus, layout_rooms, minmay_cut_off
D:2:      layout_basic, ebering_ecumenical_altar_mist, minivault_4, uniq_terence
D:3:      layout_loops_ring, lemuel_round_altar, mainiacjoe_overflow_boulevard,
          kennysheep_another_room
D:4:      layout_rooms, serial_shops, shop, uniq_eustachio, uniq_sigmund
D:5:      layout_loops_cross, minmay_fractal_squares_diagonal_5, uniq_grinder
D:6:      layout_basic, kennysheep_path_1, uniq_maggie
D:7:      layout_basic, temple_doors_ab, dk_vineyard_2, grunt_ministairs_9,
          kennysheep_pointless_box
D:8:      minmay_skewed_foursquare, layout_gridville,
          chequers_temple_overflow_statue_of_worship, special_room
          [special_room_kobold]
D:9:      nzn_winding_woodlands_medium [nzn_winding_woodlands_hourglass,
          nzn_winding_woodlands_5x15_longhouse,
          nzn_winding_woodlands_5x5_checkerboard,
          nzn_winding_woodlands_5x5_closed_star,
          nzn_winding_woodlands_center_garden,
          nzn_winding_woodlands_5x5_default,
          nzn_winding_woodlands_5x5_perimeter,
          nzn_winding_woodlands_5x15_split_checker,
          nzn_winding_woodlands_5x5_open_star], layout_irregular_city,
          orc_0_dummy, nicolae_take_the_stairs, uniq_gastronok

Skill      XL: |  1  2  3  4  5  6  7  8  9 10 |
---------------+-------------------------------+-----
Axes           | 3 4 5 6 8 9 11 | 11.1
Armour         | 4 5 6 7 8 |  8.7
Fighting       | 4 5 6 7 8 |  8.5
Shields        | 4 5 6 7 8 |  8.6
Invocations    | 1 2 4 5 6 |  6.1
Throwing       | 1 2 4 5 |  5.3

Action                     |  1- 3 |  4- 6 |  7- 9 | 10-12 || total
---------------------------+-------+-------+-------+-------++-------
  Melee: War axe           |    62 |    88 |   208 |       ||   358
         Headbutt          |     8 |     7 |    36 |    33 ||    84
         Hand axe          |       |       |    11 |   199 ||   210
  Throw: Boomerang         |       |       |     5 |     8 ||    13
         Javelin           |       |       |     4 |       ||     4
 Invoke: Heroism           |       |       |     4 |     3 ||     7
         Finesse           |       |       |       |     1 ||     1
    Use: Scroll            |     2 |     7 |    11 |       ||    20
         Potion            |       |     1 |     2 |       ||     3
 Armour: Scale mail        |    31 |       |       |       ||    31
         Chain mail        |       |    51 |   140 |    91 ||   282
  Dodge: Dodged            |    44 |    42 |    98 |    67 ||   251
  Block: Buckler           |    19 |    25 |    93 |    51 ||   188

Table legend: (Time is in decaauts)
 A = Elapsed time spent in this place.
 B = Non-inter-level travel time spent in this place.
 C = Inter-level travel time spent in this place.
 D = Time resting spent in this place.
 E = Time spent auto-exploring this place.
 F = Levels seen in this place.
 G = Mean time per level.
                   A        B        C        D        E       F      G
               +--------+--------+--------+--------+--------+-----+--------+
         Total |   7898 |   7791 |    107 |   1403 |   4340 |   9 |  877.6 |
       Dungeon |   7898 |   7791 |    107 |   1403 |   4340 |   9 |  877.6 |
               +--------+--------+--------+--------+--------+-----+--------+

Top non-repeatable levels by time:
     D:8: 1872 daAuts
     D:6: 1129 daAuts
     D:7: 1075 daAuts
     D:4: 854 daAuts
     D:2: 819 daAuts
     D:3: 815 daAuts
     D:5: 602 daAuts
     D:1: 601 daAuts
     D:9: 127 daAuts
